 Dungeon Crawl Stone Soup version 0.19-a0-749-g66ae36b (webtiles) character file.

1002 Implojin the Grappler (level 8, -3/74 HPs)
             Began as a Troll Fighter on June 24, 2016.
             Slain by a troll (12 damage)
             ... on level 10 of the Dungeon.
             The game lasted 00:04:50 (606 turns).

Implojin the Grappler (Troll Fighter)                Turns: 606, Time: 00:04:51

Health: -3/74      AC:  6    Str: 25    XL:     8   Next: 0%
Magic:  7/7        EV:  8    Int:  4    God:
Gold:   63         SH:  9    Dex: 11    Spells: 0 memorised, 7 levels left

rFire  . . .     SeeInvis .       - Unarmed
rCold  . . .     Gourm    +     a - +0 robe
rNeg   . . .     Faith    .     b - +0 shield
rPois  .         Spirit   .     j - +1 hat
rElec  .         Dismiss  .     (no cloak)
rCorr  .         Reflect  .     (gloves unavailable)
SustAt .         Harm     .     (boots unavailable)
MR     .....                    (no amulet)
Stlth  +.........               (no ring)
                                (no ring)

@: not resistant to hostile enchantments, very unstealthy
A: unfitting armour, claws 3, fast metabolism 3, gourmand, regeneration 2,
shaggy fur 1, tough skin 2
a: no special abilities


You were on level 10 of the Dungeon.
You were very full.

You visited 1 branch of the dungeon, and saw 10 of its levels.

You collected 63 gold pieces.

Inventory:

Armour
 a - a +0 robe (worn)
 b - a +0 shield (worn)
 j - a +1 hat (worn)
Wands
 c - a wand of enslavement (8/24)
 e - a wand of lightning (5/15)
Potions
 l - 2 potions of mutation
Comestibles
 d - 5 bread rations
 f - a meat ration


   Skills:
 - Level 2.4 Fighting
 - Level 2.4 Dodging
 - Level 2.4 Shields
 * Level 9.5 Unarmed Combat


You had 7 spell levels left.
You didn't know any spells.

Dungeon Overview and Level Annotations

Branches:
Dungeon (9/15)             Temple (0/1) D:6            Lair (0/6) D:10
    Orc: D:9-12

Altars:

Annotations:
D:6 Sigmund


Innate Abilities, Weirdness & Mutations

You are too large for most types of armour.
You have claws for hands.
Your metabolism is lightning-fast.
You like to eat raw meat.
You heal very quickly.
You are covered in fur. (AC +1)
You have very tough skin. (AC +2)


Message History

The centaur is almost dead.
The centaur barely misses you.
You barely miss the centaur.
The centaur is almost dead.
The centaur hits you.
* * * LOW HITPOINT WARNING * * *
You claw the centaur!
You kill the centaur!
You have reached level 8!
Things that are here:
an uncursed shortbow; 22 arrows A crimson imp comes into view.
The crimson imp shouts!
The crimson imp blinks!
Things that are here:
an arrow; a porcupine corpse Your butterfly disappears in a puff of smoke!
Found a runed glass wand and a bread ration.
You see here 19 stones.
Found 9 gold pieces.
You see here a runed glass wand.
c - a wand of enslavement The crimson imp blinks!
Found a scroll of identify.
d - 5 bread rations (gained 1)
There are no items here.
A troll comes into view.
The troll shouts!
You aren't carrying any spellbooks or scrolls.
Okay, then.
Evoke which item? (* to show all) (? for menu, Esc to quit)
Zapping:
c - a wand of enslavement (will waste charges)
Press: ? - help, Shift-Dir - straight line, f - crimson imp
Aim: a crimson imp (chance to defeat MR: 28%)
The crimson imp easily resists.
Evoking this partially-identified wand wasted a few charges.
You block the troll's attack. The troll claws you.
* * * LOW HITPOINT WARNING * * *
The troll claws you!
You die...

.... ##†## ...
#§# ..#
##.#######. ?.
#.)........ #.
##...#######
#.##$### #.5...#
#......# #....##
####.#T####(..##
#.#.@5.....#
#.########## ..
##


You could see a troll and a crimson imp.

Vanquished Creatures
  Grinder (D:6)
  Edmund (D:5)
  2 porcupines (D:10)
  2 centaurs
  Blork the orc (D:5)
  A giant frog (D:8)
  A jelly (D:6)
  3 iguanas
  A worker ant (D:4)
  2 adders
  A river rat (D:10)
  A shadow imp (D:10)
  An adder skeleton (D:6)
  An adder zombie (D:8)
  A giant gecko (D:6)
  An orc (D:7)
  A giant cockroach (D:6)
  2 hobgoblins
  A kobold (D:1)
25 creatures vanquished.

Notes
Turn   | Place    | Note
--------------------------------------------------------------
     0 | D:1      | Implojin the Troll Fighter began the quest for the Orb.
     0 | D:1      | Reached XP level 1. HP: 22/22 MP: 0/0
   138 | D:3      | Reached XP level 2. HP: 19/29 MP: 1/1
   182 | D:4      | Reached skill level 3 in Unarmed Combat
   182 | D:4      | Reached XP level 3. HP: 35/36 MP: 2/2
   223 | D:5      | Entered Level 5 of the Dungeon
   228 | D:5      | Noticed Blork the orc
   230 | D:5      | Noticed Edmund
   243 | D:5      | Killed Blork the orc
   243 | D:5      | Reached skill level 4 in Unarmed Combat
   243 | D:5      | Reached XP level 4. HP: 12/44 MP: 3/3
   247 | D:5      | HP: 2/44 [Edmund/flail of draining (6)]
   249 | D:5      | Killed Edmund
   249 | D:5      | Reached skill level 6 in Unarmed Combat
   249 | D:5      | Reached XP level 5. HP: 3/50 MP: 4/4
   321 | D:6      | Noticed Grinder
   343 | D:6      | Paralysed by Grinder for 2 turns
   354 | D:6      | Killed Grinder
   354 | D:6      | Reached skill level 7 in Unarmed Combat
   354 | D:6      | Reached XP level 6. HP: 30/59 MP: 5/5
   359 | D:6      | Reached XP level 7. HP: 9/66 MP: 6/6
   386 | D:6      | Noticed Sigmund
   471 | D:8      | Reached skill level 8 in Unarmed Combat
   560 | D:9      | You fall through a shaft!
   560 | D:10     | Entered Level 10 of the Dungeon
   560 | D:10     | Found a staircase to the Lair.
   582 | D:10     | Reached skill level 9 in Unarmed Combat
   585 | D:10     | HP: 2/66 [centaur (6)]
   586 | D:10     | Reached XP level 8. HP: 2/74 MP: 7/7
   602 | D:10     | Noticed a troll
   606 | D:10     | Slain by a troll

Vault maps used:
D:1:      lemuel_arrival_rhombus
D:2:      first_bread, uniq_jessica
D:3:      ecumenical_altar_1, nicolae_ru_the_path_less_chosen
D:4:      kennysheep_mini
D:5:      grunt_ministairs_2, uniq_pikel, uniq_blork_the_orc, uniq_edmund
D:6:      kennysheep_six_static_rooms, uniq_grinder, uniq_crazy_yiuf_cottage,
          uniq_sigmund
D:7:      grunt_ogre_cave
D:8:      minmay_misc_feat_hallway, nicolae_lava_and_water, uniq_psyche,
          uniq_maurice
D:10:     dpeg_lair_monsters, david_orc_4, serial_shops, shop,
          minmay_misc_feat_encased, grunt_gozag_breadcrumbs

Skill      XL: |  1  2  3  4  5  6  7 |
---------------+----------------------+-----
Unarmed Combat | 3 4 6 7 9 |  9.5
Fighting       | |  2.4
Dodging        | |  2.4
Shields        | |  2.4

Action                   |  1- 3 |  4- 6 |  7- 9 || total
-------------------------+-------+-------+-------++-------
Melee: Unarmed           |    23 |    21 |    30 ||    74
Evoke: Wand              |       |       |     5 ||     5
  Use: Potion            |       |     1 |       ||     1
       Scroll            |       |       |     7 ||     7
  Eat: Chunk             |     6 |     2 |     2 ||    10
Armor: Robe              |     3 |     5 |     8 ||    16
Dodge: Dodged            |     9 |     2 |    19 ||    30
Block: Shield            |     5 |     4 |    23 ||    32

Table legend:
 A = Turns spent in this place as a percentage of turns spent in the entire game.
 B = Non-inter-level travel turns spent in this place as a percentage of non-inter-level travel turns spent in the entire game.
 C = Inter-level travel turns spent in this place as a percentage of turns spent in this place.
 D = Turns resting spent in this place as a percentage of non-inter-level travel turns spent in this place.
 E = Turns spent auto-exploring this place as a percentage of non-inter-level travel turns spent in this place.
 F = Non-inter-level travel turns spent in this place divided by the number of levels of this place that you've seen.
                   A       B       C       D       E      F
               +-------+-------+-------+-------+-------+----------------------
         Total | 100.0 | 100.0 |   0.0 |   0.0 |   0.0 |  57.5
       Dungeon | 100.0 | 100.0 |   0.0 |   0.0 |   0.0 |  57.5
               +-------+-------+-------+-------+-------+----------------------

Table legend:
 A = Kills in this place as a percentage of kills in entire the game.
 B = Kills by you in this place as a percentage of kills by you in the entire game.
 C = Kills by friends in this place as a percentage of kills by friends in the entire game.
 D = Other kills in this place as a percentage of other kills in the entire game.
 E = Experience gained in this place as a percentage of experience gained in the entire game.
 F = Experience gained in this place divided by the number of levels of this place that you have seen.
                   A       B       C       D       E      F
               +-------+-------+-------+-------+-------+----------------------
         Total | 100.0 | 100.0 |  -nan |  -nan | 100.0 | 143.2
       Dungeon | 100.0 | 100.0 |  -nan |  -nan | 100.0 | 143.2
               +-------+-------+-------+-------+-------+----------------------
